 Dungeon Crawl Stone Soup version 0.30.1-3-gfc49f6343a (webtiles) character file.

Game seed: 7758715653805833857

87236 Peloso the Fencer (level 15, 0/143 HPs)
             Began as a Minotaur Fighter on July 27, 2023.
             Was a High Priest of Okawaru.
             Slain by a stone giant (18 damage)
             ... on level 15 of the Dungeon.
             The game lasted 00:55:02 (27991 turns).

Peloso the Fencer (Minotaur Fighter)               Turns: 27991, Time: 00:55:03

Health: 0/143      AC: 25    Str: 25    XL:     15   Next: 43%
Magic:  14/16      EV: 16    Int:  5    God:    Okawaru [*****.]
Gold:   1935       SH: 15    Dex: 17    Spells: 14/14 levels left

rFire   . . .        a - +3 scimitar (heavy)
rCold   . . .        d - +0 buckler
rNeg    . . .        U - +6 chain mail of the Poles {Dex+4 Stlth+}
rPois   .            (helmet restricted)
rElec   .            y - +0 cloak {rCorr}
rCorr   +            j - +0 pair of gloves
SInv    .            (no boots)
Will    +++..        N - amulet of reflection
Stlth   ++           J - ring of willpower
HPRegen 0.43/turn    E - ring of willpower
MPRegen 0.15/turn

%: reflection
@: heroic
A: horns 2, retaliatory headbutt
a: Renounce Religion, Heroism, Finesse, Duel


You were on level 15 of the Dungeon.
You worshipped Okawaru.
Okawaru was extremely pleased with you.
You visited 3 branches of the dungeon, and saw 22 of its levels.
You also visited: Sewer.

You collected 2148 gold pieces.
You spent 213 gold pieces at shops.

Inventory:

Hand Weapons
 a - a +3 heavy scimitar (weapon)
 b - a +1 double sword of holy wrath
 c - a +0 demon blade of flaming
Armour
 d - a +0 buckler (worn)
 j - a +0 pair of gloves (worn)
 k - a +0 chain mail of fire resistance
 u - +0 pearl dragon scales
 y - a +0 cloak of preservation (worn)
 U - the +6 chain mail of the Poles (worn) {Dex+4 Stlth+}
   (Okawaru gifted it to you on level 2 of the Lair of Beasts)

   Dex:       It affects your dexterity (+4).
   Stlth:     It makes you more stealthy.
Jewellery
 f - a ring of ice
 x - a ring of protection from cold
 E - a ring of willpower (right hand)
 J - a ring of willpower (left hand)
 N - an amulet of reflection (around neck)
Scrolls
 l - a scroll of enchant weapon
 m - a scroll of enchant armour
 n - a scroll of identify
 p - 3 scrolls of noise
 r - 6 scrolls of fog
 A - 3 scrolls of magic mapping
 B - 3 scrolls of poison
 D - 8 scrolls of immolation
 F - 2 scrolls of blinking
 H - a scroll of fear
 K - 6 scrolls of teleportation
Potions
 e - 10 potions of curing
 g - a potion of might
 h - 4 potions of flight
 i - 8 potions of lignification
 o - a potion of brilliance
 q - a potion of resistance
 s - a potion of ambrosia
 t - a potion of berserk rage
 v - 2 potions of heal wounds
 w - 6 potions of haste
 C - 2 potions of invisibility
 M - 4 potions of mutation


   Skills:
 + Level 15.6(20.6) Fighting
 + Level 17.5(22.5) Long Blades
 + Level 15.0(20.0) Armour
 + Level 7.9(12.9) Dodging
 + Level 3.3(8.3) Stealth
 + Level 16.1(21.1) Shields
 + Level 3.3 Invocations
 + Level 1.5 Evocations


You had 14 spell levels left.
You didn't know any spells.
Your spell library contained the following spells:

 Spells                   Type           Power      Damage    Failure   Level
 Sandblast                Erth           0%         2d4       83%         1
 Blink                    Tloc           0%         N/A       92%         2
 Cigotuvi's Dreadful Rot  Necr/Pois/Air  0%         N/A       92%         2
 Lesser Beckoning         Tloc           0%         N/A       92%         2
 Momentum Strike          Conj/Tloc      0%         3d8       92%         2
 Passwall                 Tmut/Erth      0%         N/A       92%         2
 Ignite Poison            Fire/Tmut/Pois 0%         N/A       99%         3
 Portal Projectile        Hex/Tloc       0%         N/A       99%         3
 Stone Arrow              Conj/Erth      0%         3d7       99%         3
 Leda's Liquefaction      Hex/Erth       0%         N/A       100%        4
 Manifold Assault         Tloc           0%         N/A       100%        4
 Freezing Cloud           Conj/Ice/Air   0%         6-21      100%        5
 Conjure Ball Lightning   Conj/Air       0%         3x3d6     100%        6
 Storm Form               Tmut/Air       0%         N/A       100%        7
 Discord                  Hex            0%         N/A       100%        8
 Disjunction              Tloc           0%         N/A       100%        8
 Call Canine Familiar     Summ           Unusable   N/A       N/A         3

Dungeon Overview and Level Annotations

Branches:
Dungeon (15/15)            Temple (0/1) D:4            Lair (5/5) D:10
  Swamp (0/4) Lair:3       Spider (0/4) Lair:2        Slime (0/5) Lair:5
    Orc (2/2) D:12            Elf (0/3) Orc:2        Vaults (0/5) D:14
  Sewer (visited)
 Depths: D:15

Altars:
Fedhas
Gozag
Hepliaklqana
Okawaru
Qazlal
Uskayaw
Vehumet
Wu Jian
Zin
Jiyva

Shops:
D:6 (   D:10 *   D:13 *   Orc:1 *   Orc:2 (!(?=

Annotations:
D:12 Casa


Innate Abilities, Weirdness & Mutations

You have a pair of horns on your head.
You reflexively headbutt those who attack you in melee.


Message History

The tengu warrior is almost dead.
The tengu warrior hits you with a +0 war axe!
The tengu warrior pecks you but does no damage.
The tengu warrior claws you but does no damage.
A stone giant comes into view.
Unknown command.
You miss the tengu warrior.
The tengu warrior is almost dead.
The tengu warrior hits you with a +0 war axe!
You block the tengu warrior's attack.
The tengu warrior claws you but does no damage.
Unknown command.
You slice the tengu warrior!!
You kill the tengu warrior!
Okawaru accepts your kill.
Unknown command.
You slash the wizard! You headbutt the wizard!
The wizard is heavily wounded.
The wizard hits you with a +0 dagger.
You barely miss the wizard. Your headbutt misses the wizard.
The wizard is heavily wounded.
The wizard gestures wildly while chanting.
The wizard blinks!
The stone giant closely misses you.
You slice the stone giant!!
The stone giant is moderately wounded.
The stone giant hits you!
Unknown command.
You gain the combat prowess of a mighty hero.
The stone giant barely misses you. You furiously retaliate!
You headbutt the stone giant. The wizard casts a spell at you.
The fireball explodes!
The fireball engulfs you!!
* * * LOW HITPOINT WARNING * * *
The fireball engulfs the stone giant!
You hear a shout!
You slice the stone giant!! You headbutt the stone giant!
The stone giant is almost dead.
The stone giant hits you!!
You die...

#####.#.######..<...
....................
..#####...............
.............###.#.##.
######)#.............
######.#........#....
#.#....#....#....#..#
#####.#...?#....#........
#.....#.@..#....#........
#p#C#.#....#....<.#.
#..)#...............##.
#.....#.#..##.........###
...#..⌠#.............#.#
###.####....#......###.###
..# .....#...........†.
... ...~.#####..##...## ..
~~~.. #.. #...#


You could see a stone giant and a wizard.

Vanquished Creatures
  Kirke (Lair:3)
  An orc warlord (D:12)
  The ghost of jaiteiro the Thaumaturge, a journeyman SpEE of Vehumet (Lair:3)
  Josephine (Lair:3)
  The ghost of Peloso the Carver, a journeyman MiFi of Okawaru (D:10)
  Fannar (D:12)
  6 hydras
  2 centaur warriors
  9 two-headed ogres
  4 death yaks (Lair:2)
  Urug (Lair:4)
  The ghost of Atelerd the Thaumaturge, a journeyman OpEE of Sif Muna (D:11)
  2 tengu warriors
  Nergalle (Orc:1)
  A skyshark (Lair:5)
  A glowing orange brain (D:10)
  A deep troll (D:15)
  A lindwurm (Lair:4)
  A deep elf pyromancer (D:13)
  7 orc knights
  A necromancer (D:15)
  Pikel (D:7)
  2 oklob plants
  A wolf spider (Lair:5)
  4 manticores
  2 orc sorcerers
  13 ugly things
  6 black mambas
  4 cyclopes
  18 elephants
  Maurice (D:12)
  A guardian serpent (Lair:5)
  15 cane toads
  4 rime drakes
  A kobold demonologist (D:13)
  5 yaktaurs (D:13)
  9 komodo dragons
  An unseen horror (D:12)
  A tengu conjurer (D:13)
  A queen bee (D:9)
  6 trolls
  4 hornets
  8 dream sheep (Lair:5)
  17 blink frogs
  10 slime creatures
  A water elemental (D:15)
  3 vampires
  6 wraiths
  11 wyverns
  A hog (Lair:3)
  39 yaks
  3 humans (Lair:3)
  A basilisk (Lair:5)
  3 steam dragons
  3 redbacks (Lair:5)
  2 swamp worms (Lair:3)
  6 vampire mosquitoes
  10 wargs
  20 water moccasins
  2 acid dragons
  2 black bears (D:4)
  2 sky beasts (D:7)
  4 ice beasts
  32 orc warriors
  6 ogres
  3 wolves (Lair:3)
  8 centaurs
  A phantom (D:6)
  2 kobold brigands
  Blork the orc (D:5)
  10 bullfrogs
  7 scorpions
  8 wights
  20 killer bees (D:9)
  9 electric eels
  9 howler monkeys
  17 jellies
  A gnoll bouda (D:6)
  Crazy Yiuf (D:3)
  12 orc priests
  A sleepcap (D:5)
  An iguana (D:5)
  Natasha (twice) (D:2)
  15 orc wizards
  8 gnolls
  11 adders
  4 river rats (Sewer)
  2 shadow imps
  A white imp (D:7)
  7 worms
  A dart slug (D:3)
  69 orcs
  6 ball pythons
  10 endoplasms
  13 giant cockroaches
  9 goblins
  9 hobgoblins
  7 jackals
  4 quokkas
  5 bats
  8 frilled lizards
  7 kobolds
  2 rats
648 creatures vanquished.

Vanquished Creatures (others)
  A cane toad (Lair:5)
  An orc priest (Orc:1)
  An orc wizard (Orc:2)
3 creatures vanquished.

Grand Total: 651 creatures vanquished

Notes
Turn   | Place    | Note
-------+----------+-------------------------------------------
     0 | D:1      | Peloso the Minotaur Fighter began the quest for the Orb.
     0 | D:1      | Reached XP level 1. HP: 19/19 MP: 0/0
   597 | D:1      | Reached XP level 2. HP: 27/27 MP: 1/1
  1262 | D:2      | Reached XP level 3. HP: 28/33 MP: 2/2
  1360 | D:2      | Noticed Natasha
  1365 | D:2      | Killed Natasha
  1469 | D:2      | Reached skill level 3 in Long Blades
  1516 | D:2      | Noticed Natasha
  1522 | D:2      | Killed Natasha
  1523 | D:2      | Reached XP level 4. HP: 37/41 MP: 3/3
  1875 | D:3      | Noticed a scorpion
  1887 | D:3      | Killed a scorpion
  1888 | D:3      | Reached skill level 4 in Long Blades
  1888 | D:3      | Reached skill level 5 in Armour
  1888 | D:3      | Reached XP level 5. HP: 23/47 MP: 4/4
  2294 | D:3      | Found an opulent altar of Gozag.
  2392 | D:3      | Found a runed translucent door.
  2393 | D:3      | Noticed Crazy Yiuf
  2652 | D:4      | Noticed a black bear
  2664 | D:4      | Killed a black bear
  2665 | D:4      | Reached skill level 5 in Fighting
  2665 | D:4      | Reached skill level 5 in Long Blades
  2665 | D:4      | Reached XP level 6. HP: 17/56 MP: 5/5
  2858 | D:4      | Found an iron altar of Okawaru.
  2864 | D:4      | Became a worshipper of Warmaster Okawaru
  2957 | D:4      | Found a staircase to the Ecumenical Temple.
  3364 | D:5      | Entered Level 5 of the Dungeon
  3390 | D:5      | Found a glowing drain.
  3403 | D:5      | Reached skill level 6 in Long Blades
  3411 | Sewer    | Entered a sewer
  3464 | Sewer    | Reached XP level 7. HP: 61/61 MP: 6/6
  3582 | Sewer    | Found a viscous altar of Jiyva.
  3741 | Sewer    | Reached * piety under Okawaru
  3752 | Sewer    | Reached skill level 5 in Shields
  4699 | D:5      | Reached skill level 7 in Long Blades
  4809 | D:5      | Noticed Blork the orc
  4826 | D:5      | Killed Blork the orc
  4827 | D:5      | Reached XP level 8. HP: 49/70 MP: 5/7
  5047 | D:5      | Reached skill level 8 in Long Blades
  5658 | D:6      | Found Ninweuha's Weapon Emporium.
  5708 | D:6      | Reached skill level 9 in Long Blades
  5713 | D:6      | Reached ** piety under Okawaru
  5958 | D:6      | Found a radiant altar of Vehumet.
  6108 | D:6      | Reached XP level 9. HP: 79/79 MP: 8/8
  6144 | D:6      | Reached skill level 10 in Long Blades
  6727 | D:7      | Reached skill level 1 in Stealth
  6737 | D:7      | Identified the +0 ring mail of Luiff {rElec}
  6782 | D:7      | Reached skill level 1 in Dodging
  6933 | D:7      | Found an ornate altar of the Wu Jian Council.
  7029 | D:7      | Found a glowing silver altar of Zin.
  7044 | D:7      | Found a hazy altar of Hepliaklqana.
  7205 | D:7      | Reached skill level 11 in Long Blades
  7213 | D:7      | Reached *** piety under Okawaru
  7546 | D:7      | Noticed Pikel
  7561 | D:7      | Killed Pikel
  7562 | D:7      | Reached XP level 10. HP: 81/88 MP: 9/9
  8045 | D:3      | Killed Crazy Yiuf
  8443 | D:8      | Reached skill level 12 in Long Blades
  8491 | D:8      | Reached skill level 10 in Armour
  8726 | D:8      | Found an ornate altar of the Wu Jian Council.
  8733 | D:8      | Noticed a brown ugly thing
  8733 | D:8      | Noticed a cyclops
  8740 | D:8      | Killed a brown ugly thing
  8740 | D:8      | Received a gift from Okawaru
  8750 | D:8      | Killed a cyclops
  8751 | D:8      | Reached skill level 1 in Invocations
  8761 | D:8      | Reached **** piety under Okawaru
  9283 | D:9      | Noticed a two-headed ogre
  9287 | D:9      | Killed a two-headed ogre
  9288 | D:9      | Reached skill level 13 in Long Blades
  9799 | D:9      | Reached XP level 11. HP: 78/97 MP: 10/10
  9854 | D:9      | Reached ***** piety under Okawaru
 10226 | D:10     | Entered Level 10 of the Dungeon
 10226 | D:10     | Found Bootyl's General Store.
 10419 | D:10     | Noticed a two-headed ogre
 10424 | D:10     | Killed a two-headed ogre
 11215 | D:10     | Found a staircase to the Lair.
 11263 | D:10     | Noticed a two-headed ogre
 11265 | D:10     | Killed a two-headed ogre
 11272 | D:10     | Found a runed translucent gate.
 11275 | D:10     | Found a runed translucent gate.
 11275 | D:10     | Noticed Peloso's ghost (journeyman MiFi)
 11275 | D:10     | Noticed a glowing orange brain
 11276 | D:10     | Found a runed translucent gate.
 11285 | D:10     | Found a viscous altar of Jiyva.
 11411 | D:10     | Identified the +6 great mace of the Onslaught {speed, *Rage
                  | Fly Will+++ rCorr} (Okawaru gifted it to you on level 10 of
                  | the Dungeon)
 11411 | D:10     | Received a gift from Okawaru
 11941 | D:11     | Noticed a green ugly thing
 11951 | D:11     | Killed a green ugly thing
 11952 | D:11     | Reached skill level 10 in Fighting
 11952 | D:11     | Reached skill level 14 in Long Blades
 12121 | D:11     | Noticed a brown ugly thing
 12131 | D:11     | Killed a brown ugly thing
 12155 | D:11     | Found a transporter.
 12156 | D:11     | Noticed Atelerd's ghost (journeyman OpEE)
 12156 | D:11     | Noticed a two-headed ogre
 12156 | D:11     | Noticed a two-headed ogre
 12157 | D:11     | Identified the +1 great mace "Sent" {heavy, Fragile rElec
                  | rN++ Int+3}
 12157 | D:11     | Noticed a two-headed ogre
 12158 | D:11     | Noticed a two-headed ogre
 12161 | D:11     | Found a transporter.
 12183 | D:11     | Reached skill level 1 in Evocations
 12250 | D:11     | Noticed a purple ugly thing
 12262 | D:11     | Killed a purple ugly thing
 12565 | Lair:1   | Entered Level 1 of the Lair of Beasts
 12572 | Lair:1   | You fall into a shaft and drop 1 floor!
 12590 | Lair:1   | Received a gift from Okawaru
 12731 | Lair:1   | Reached XP level 12. HP: 107/107 MP: 12/12
 12757 | Lair:2   | Reached skill level 5 in Dodging
 12930 | Lair:1   | Reached skill level 10 in Shields
 13476 | Lair:2   | Identified the +6 spear "Lifebane" {antimagic, rPois Str-4
                  | Int+3}
 13650 | Lair:2   | Found a hole to the Spider Nest.
 14158 | Lair:3   | Noticed a death yak
 14159 | Lair:3   | Noticed a death yak
 14159 | Lair:3   | Noticed a death yak
 14160 | Lair:3   | Noticed a death yak
 14181 | Lair:2   | Killed a death yak
 14195 | Lair:2   | Killed a death yak
 14195 | Lair:2   | Identified the +6 chain mail of the Poles {Dex+4 Stlth+}
                  | (Okawaru gifted it to you on level 2 of the Lair of Beasts)
 14195 | Lair:2   | Received a gift from Okawaru
 14235 | Lair:2   | Killed a death yak
 14236 | Lair:2   | Reached skill level 15 in Long Blades
 14241 | Lair:2   | Killed a death yak
 14332 | Lair:3   | Found a staircase to the Swamp.
 14532 | Lair:3   | Noticed Kirke
 14644 | Lair:3   | Killed Kirke
 14747 | Lair:3   | Noticed Josephine
 14752 | Lair:3   | Killed Josephine
 14762 | Lair:3   | Reached XP level 13. HP: 108/119 MP: 13/13
 15256 | Lair:3   | Found a runed translucent door.
 15258 | Lair:3   | Noticed jaiteiro's ghost (journeyman SpEE)
 15758 | Lair:4   | Received a gift from Okawaru
 15881 | Lair:4   | Identified the +7 morningstar "Ucroismiek" {freeze, rPois
                  | Int+3}
 16052 | Lair:4   | Reached ****** piety under Okawaru
 16687 | Lair:4   | Received a gift from Okawaru
 16827 | Lair:4   | Noticed Urug
 16836 | Lair:4   | Killed Urug
 17760 | D:12     | Noticed Maurice
 17779 | D:12     | Killed Maurice
 17935 | D:12     | Noticed Fannar
 17950 | D:12     | Killed Fannar
 18221 | D:12     | Found a staircase to the Orcish Mines.
 18779 | Lair:5   | Entered Level 5 of the Lair of Beasts
 19136 | Orc:1    | Entered Level 1 of the Orcish Mines
 19140 | Orc:1    | Noticed an orc warlord
 19142 | Orc:1    | Received a gift from Okawaru
 19325 | D:12     | Killed an orc warlord
 19549 | Orc:1    | Found Baov's Gadget Gallery.
 19941 | Orc:1    | Noticed Nergalle
 19951 | Orc:1    | Killed Nergalle
 20050 | Orc:2    | Entered Level 2 of the Orcish Mines
 20077 | Orc:2    | Reached skill level 16 in Long Blades
 20453 | Orc:2    | Found Riopaugg's Weapon Shop.
 20515 | Orc:1    | Reached XP level 14. HP: 130/130 MP: 12/15
 21282 | Orc:2    | Found a staircase to the Elven Halls.
 21372 | Orc:2    | Found Duixt's Jewellery Shoppe.
 21372 | Orc:2    | Found Peotuot's Magic Scroll Shop.
 21386 | Orc:2    | Bought a scroll of blinking for 75 gold pieces
 21386 | Orc:2    | Bought a scroll of teleportation for 30 gold pieces
 21386 | Orc:2    | Bought a scroll of identify for 20 gold pieces
 21394 | Orc:2    | Bought a scroll of identify for 20 gold pieces
 21482 | Orc:2    | Found Fikhlean's Distillery.
 21482 | Orc:2    | Found Ojiril's Weapon Shoppe.
 21488 | Orc:2    | Bought a potion of might for 68 gold pieces
 21930 | D:13     | Found Hymavach's Assorted Antiques.
 22178 | D:13     | Received a gift from Okawaru
 22741 | D:13     | Found a blossoming altar of Fedhas.
 23463 | Lair:5   | Paralysed by a hornet for 2 turns
 23806 | Lair:5   | Found a staircase to the Slime Pits.
 24252 | Lair:5   | Received a gift from Okawaru
 24485 | Lair:5   | Reached skill level 15 in Shields
 24491 | Lair:5   | HP: 2/133 [cane toad (18)]
 25017 | Lair:5   | Reached skill level 15 in Fighting
 25156 | Lair:5   | Received a gift from Okawaru
 25205 | Lair:5   | Reached skill level 17 in Long Blades
 25835 | D:13     | Reached XP level 15. HP: 86/141 MP: 16/16
 26322 | D:14     | Found a stormy altar of Qazlal.
 26469 | D:14     | Found a hide-covered altar of Uskayaw.
 26522 | D:14     | Found a gate to the Vaults.
 26568 | D:14     | You fall into a shaft and drop 1 floor!
 26568 | D:15     | Entered Level 15 of the Dungeon
 26974 | D:10     | Received a gift from Okawaru
 26983 | D:10     | Killed Peloso's ghost
 27231 | D:11     | Killed Atelerd's ghost
 27589 | Lair:3   | Killed jaiteiro's ghost
 27600 | Lair:3   | Identified the +3 spear "Ecluq" {venom, +Blink rN++ Int-4
                  | Stlth+}
 27971 | D:15     | Reached skill level 15 in Armour
 27991 | D:15     | Slain by a stone giant

Illustrated notes

Levels and vault maps discovered:
D:1:      lemuel_arrival_room, layout_basic
D:2:      layout_basic, uniq_natasha
D:3:      layout_rooms, lemuel_coloured_pillars_altar, minmay_cupped,
          uniq_crazy_yiuf_cottage
D:4:      layout_gridville, okawaru_ov_weapons_minmay, minmay_temple_entry_tees
D:5:      layout_basic, portal_sewer_entry_d, uniq_blork_the_orc
D:6:      layout_rooms, nicolae_vehumet_radiance, serial_shops,
          nicolae_shop_tiny_statue_garden
D:7:      layout_cave_pods, lemuel_tele_altar, lemuel_doored_altar,
          amcnicky_altar_gilded, due_unseen_surprise, uniq_pikel
D:8:      minmay_the_grid_octo_tiled_octocenter [minmay_the_grid_octo_empty,
          minmay_the_grid_octo_teeth, minmay_the_grid_octo_fat_diamond,
          minmay_the_grid_octo_vomiting_pacman,
          minmay_the_grid_octo_prize_ultimate_mussel_roller,
          minmay_the_grid_square_5x5_shrine1,
          minmay_the_grid_square_5x5_hourglass,
          minmay_the_grid_square_5x5_fancy_junction,
          minmay_the_grid_square_5x5_empty], layout_loops_ring
D:9:      layout_loops_ring, minivault_7
D:10:     layout_loops_cross, lair_entry_dummy, serial_shops, shop,
          gammafunk_ghost_ooze, kennysheep_boxes
D:11:     layout_cave_pools, gammafunk_ghost_smash
D:12:     layout_long_grid, minmay_orc_entry_temple_small, uniq_fannar,
          uniq_maurice
D:13:     layout_loops_ring, serial_shops, nicolae_shop_trees, tgw_fedhas
D:14:     layout_cave_pools, david_vaults_1, nicolae_uskayaw_dance_hall,
          nicolae_qazlal_general_emergency
D:15:     hangedman_depths_entry_civil_slaughter, layout_basic,
          amcnicky_mini_rare_corridor_liquid, nicolae_kite_square_tiling_tiny
Lair:1:   layout_roguey
Lair:2:   layout_misc_corridors, nicolae_spider_entry_non_spiders, st_stairs_10,
          grunt_megastairs_3
Lair:3:   layout_cave_pods, minmay_swamp_entry_worms, ebering_ghost_inner_flame,
          minivault_11, grunt_megastairs_4, uniq_kirke, uniq_josephine
Lair:4:   layout_hall_layers, serial_bayou_shore_a, uniq_urug
Lair:5:   hangedman_lair_tendril_chambers, layout_regular_city,
          nicolae_slime_entry_field_trip
Orc:1:    layout_caves, nicolae_shop_gadgets, uniq_nergalle
Orc:2:    st_orc_town, layout_caves, serial_shops,
          nicolae_shop_tiny_real_fake_doors

Skill      XL: |  1  2  3  4  5  6  7  8  9 10 11 12 13 14 15 |
---------------+----------------------------------------------+-----
Armour         | 4 5 6 7 9 10 11 12 13 14 15 | 15.0
Fighting       | 4 5 6 7 8 9 10 12 13 15 | 15.6
Shields        | 4 5 6 7 9 11 13 15 16 | 16.1
Long Blades    | 3 4 5 6 7 9 11 13 14 15 16 17 | 17.5
Stealth        | 1 2 3 |  3.3
Dodging        | 2 3 4 6 7 |  7.9
Invocations    | 1 2 3 |  3.3
Evocations     | 1 |  1.5

Action                     |  1- 3 |  4- 6 |  7- 9 | 10-12 | 13-15 || total
---------------------------+-------+-------+-------+-------+-------++-------
  Melee: Long sword        |    67 |   172 |   251 |       |       ||   490
         Headbutt          |    10 |    19 |    50 |   103 |   198 ||   380
         Scimitar          |       |       |    48 |   521 |   851 ||  1420
         Demon blade       |       |       |       |       |    20 ||    20
         Double sword      |       |       |       |       |    27 ||    27
 Invoke: Heroism           |       |       |     4 |     8 |    15 ||    27
  Evoke: Wand              |       |       |       |     2 |     8 ||    10
    Use: Potion            |       |     1 |     1 |     1 |     7 ||    10
         Scroll            |       |       |    14 |     8 |     7 ||    29
 Armour: Plate armour      |    39 |   163 |    92 |       |       ||   294
         Scale mail        |     2 |       |       |       |       ||     2
         Pearl dragon scal |       |       |    50 |   167 |       ||   217
         Chain mail        |       |       |       |    24 |   516 ||   540
  Dodge: Dodged            |    22 |    53 |    66 |   324 |   490 ||   955
  Block: Buckler           |    17 |    47 |    67 |   254 |   792 ||  1177
         Reflection        |       |       |       |     5 |    27 ||    32
